Cogmind - Beta 16 @@@ ROGUE MODE // 2025.12.13 @ 19:34:52 Player: The Overplayer Result: Destroyed by 0H-MHT(R) with Subdweller Machine Gun Performance ------------- Evolutions (0) 0 Regions Visited (2) 400 Robots Destroyed (13) 65 Value Destroyed (370) 370 Prototype IDs (0) 0 Alien Tech Used (0) 0 Bonus (0) 0 TOTAL SCORE: 835 Bonus ------- None Cogmind --------- Core Integrity 0/250 Matter 156/300 Energy 200/200 System Corruption 4% Temperature Cool (0) Movement Core (150) Ox2 Location -10/Subcaves Parts ------- > --- POWER (1) -------- Subdweller Power Source > --- PROPULSION (2) --- (None) > --- UTILITY (2) ------ Improved Terrain Scanner > --- WEAPON (2) ------- Light Assault Rifle > --- INVENTORY (5) ---- Small Storage Unit Machine Analyzer Weapon Shielding Mining Laser Peak State ------------ > --- POWER ------------ Makeshift Power Source > --- PROPULSION ------- Aluminum Leg Makeshift Leg > --- UTILITY ---------- Improved Terrain Scanner Seismic Detector > --- WEAPON ----------- Battle Rifle Battle Cannon > --- INVENTORY -------- Small Storage Unit Machine Analyzer Weapon Shielding Mining Laser [Rating: 17] Favorites ----------- Power Ion Engine Engine Ion Engine Propulsion Aluminum Leg Leg Aluminum Leg Utility Improved Terrain Scanner Device Improved Terrain Scanner Weapon Small Laser Energy Gun Small Laser Ballistic Gun Battle Rifle Ballistic Cannon Battle Cannon Special Weapon Mining Laser Build | -11 -10 -10 ------- Run | Yrd Mat Sub Slots Evolved . | . . . Power . | . . . Propulsion . | . . . Utility . | . . . Weapon . | . . . Parts Attached 17 | 8 1 8 Power 4 | 2 . 2 Engine 4 | 2 . 2 Core . | . . . Reactor . | . . . Propulsion 5 | 2 1 2 Treads . | . . . Leg 5 | 2 1 2 Wheel . | . . . Hover . | . . . Flight . | . . . Utility 2 | 2 . . Device 2 | 2 . . Storage . | . . . Processor . | . . . Hackware . | . . . Protection . | . . . Artifact . | . . . Weapon 6 | 2 . 4 Energy Gun 2 | 2 . . Energy Cannon . | . . . Ballistic Gun 2 | . . 2 Ballistic Cannon 1 | . . 1 Launcher . | . . . Special Weapon 1 | . . 1 Impact Weapon . | . . . Slashing Weapon . | . . . Piercing Weapon . | . . . Special Melee Weapon . | . . . Unidentified Prototypes . | . . . Parts Lost 10 | . . 10 Power 2 | . . 2 Propulsion 5 | . . 5 Utility 1 | . . 1 Weapon 2 | . . 2 Highest Loss Streak 4 | . . 4 To Critical Strikes . | . . . Average Backups 4 | . 3 4 Power . | . . . Propulsion . | . . . Utility 2 | . 1 2 Weapon . | . . 1 Tool/Special . | . . . Unused Backups 3 | . . 3 Power . | . . . Propulsion . | . . . Utility 3 | . . 3 Weapon . | . . . Tool/Special . | . . . Average Slot Usage (%) 93 | . 100 91 Engine 13 | . 14 13 Leg 27 | . 28 27 Device 25 | . 28 24 Energy Gun 14 | . 28 10 Ballistic Gun 1 | . . 2 Ballistic Cannon 4 | . . 5 Special Weapon 5 | . . 6 Peak Build Rating 17 | 9 9 17 Average Rating 10 | 4 9 10 On Entrance 6 | . 9 9 Avg Prop Armor Cover (%) . | . . . Naked Turns . | . . . Heaviest Build 11 | 9 9 11 Greatest Support 30 | 20 20 30 Greatest Overweight (x) 2 | . . 2 Average Overweight (x) . | . . . Largest Inventory Capacity 5 | 5 5 5 Average Capacity 5 | 5 5 5 Most Carried 5 | 1 4 5 Average Carried 4 | . 3 4 Final Capacity 5 | 5 5 5 Final Carried 4 | 1 4 4 Class Distribution -------------------- 80% | Mutant 19% | Scavenger-Mutant Dominant Class ---------------- Mutant | -10/Materials Mutant | -10/Subcaves Resources | -11 -10 -10 ----------- Run | Yrd Mat Sub Matter Collected 512 | 118 113 281 Remotely . | . . . Salvage Created 365 | 15 113 237 Parts 29 | 6 5 18 Haulers Intercepted . | . . . Recyclers Shooed . | . . . Parts Field Recycled . | . . . Retrieved Matter . | . . . Parts Self-Destructed 5 | . . 5 Prevented . | . . . Parts Restored . | . . . Kills | -11 -10 -10 ------- Run | Yrd Mat Sub Combat Hostiles Destroyed 11 | . 2 9 Guns 5 | . 2 3 Cannons 6 | . . 6 Classes Destroyed 5 | 1 1 3 Tunneler 2 | 1 1 . Swarmer 3 | . . 3 Grunt 2 | . 2 . Sentry 1 | . . 1 Subdweller 5 | . . 5 Best Kill Streak 4 | 1 2 4 Combat Bots Only 4 | . 2 4 Max Kills in Single Turn 1 | 1 1 1 Gunslinging . | . . . Exploded . | . . . Melee . | . . . Uniques/NPCs Destroyed . | . . . Combat | -11 -10 -10 -------- Run | Yrd Mat Sub Hostile Shots Fired 80 | . 15 65 Missed 23 | . . 23 Hits 57 | . 15 42 Projectile 57 | . 15 42 Critical Strikes 5 | . 3 2 Damage Taken 1014 | . 221 793 Core 254 | . 67 187 Absorbed by Shields . | . . . Core Remaining (%) 100 | 100 . . Volleys Fired 61 | 2 11 48 Largest 2 | 2 2 2 Hottest 140 | 80 80 140 Shots Fired 91 | 4 22 65 Gun 55 | 4 22 29 Cannon 24 | . . 24 Launcher . | . . . Special 12 | . . 12 Kinetic 32 | . . 32 Thermal 59 | 4 22 33 Explosive . | . . . Electromagnetic . | . . . Robot Hit Streak 29 | 2 10 29 Robot Miss Streak 6 | 1 2 6 Penetration Max . | . . . Secondary Targets 1 | . 1 . Max Gunslinging Chain 1 | . 1 . Shots Hit Robots 59 | 2 17 40 Core Hits 21 | 1 6 14 Critical Kills . | . . . Critical Parts Destroyed . | . . . Critical Strikes . | . . . Melee Attacks . | . . . Impact . | . . . Slashing . | . . . Piercing . | . . . Sneak Attacks . | . . . Combat Hostiles . | . . . Follow-up Attacks . | . . . Damage Inflicted 867 | 24 190 653 Guns 485 | 24 190 271 Cannons 382 | . . 382 Explosions . | . . . Melee . | . . . Ramming . | . . . Kinetic 451 | . . 451 Thermal 416 | 24 190 202 Explosive . | . . . Electromagnetic . | . . . Impact . | . . . Slashing . | . . . Piercing . | . . . Highest Corruption 4 | . 4 4 Average Corruption 3 | . 3 4 Corruption Purged . | . . . Corruption Blocked . | . . . Effects 31 | . 4 27 Message Errors 6 | . . 6 Matter Fused 13 | . 3 10 Heat Flow Errors 4 | . . 4 Energy Discharges 3 | . . 3 Parts Fused 1 | . 1 . Data Loss (minor) 4 | . . 4 Overload Shots . | . . . Overflow Damage 16 | . . 16 Projectiles 16 | . . 16 Explosions . | . . . Melee . | . . . Knockbacks 4 | . . 4 Impact . | . . . Kinetic 4 | . . 4 Secondary . | . . . Self-Inflicted Damage . | . . . Shots . | . . . Rammed . | . . . Targets Rammed . | . . . Kicked . | . . . Crushed . | . . . Highest Temperature 342 | 36 342 235 Average Temperature 134 | 20 167 102 Received Heat Transfer 548 | . 177 371 Effects 1 | . 1 . Shutdowns 1 | . 1 . Siege Activations . | . . . Martial Activations . | . . . Shielding Activations . | . . . Robots Disrupted . | . . . Combat Hostiles . | . . . Robots Corrupted . | . . . Combat Hostiles . | . . . Parts Fried . | . . . Impact Corruptions . | . . . Robots Melted . | . . . Combat Hostiles . | . . . Parts Melted 4 | . 3 1 Heat Transferred 925 | 50 425 450 Parts Sabotaged . | . . . Parts Stolen . | . . . Parts Stripped . | . . . Power Chain Reactions . | . . . Alert | -11 -10 -10 ------- Run | Yrd Mat Sub Maximum Alert Level . | . . . Low Security (%) 100 | 100 100 . Level 1 . | . . . Level 2 . | . . . Level 3 . | . . . Level 4 . | . . . Level 5 . | . . . High Security . | . . . Max Security . | . . . Peak Influence 40 | 5 40 . Initial . | . . . Average 3 | . 4 . Influence Increases 145 | 5 60 80 Destroy 0b10 Robot/C 120 | . 40 80 Destroy 0b10 Robot/NC 10 | 5 5 . Destroy Leader 10 | . 10 . Successful Hack 5 | . 5 . Influence Decreases 121 | 5 60 56 Time Decay 81 | 5 60 16 Lost Part 40 | . . 40 Squads Dispatched . | . . . Investigation . | . . . Extermination . | . . . Reinforcement . | . . . Assault . | . . . Garrison . | . . . Intercept . | . . . Searches Triggered . | . . . Construction Impeded . | . . . Haulers Reinforced . | . . . Active Scanning Responses . | . . . Cargo Convoy Interrupts . | . . . Stealth | -11 -10 -10 --------- Run | Yrd Mat Sub Distress Signals . | . . . Communications Jammed . | . . . Distress Signals . | . . . Times Spotted 16 | . 5 11 Peak Tracking Total 4 | . 4 3 Tactical Retreats . | . . . Traps | -11 -10 -10 ------- Run | Yrd Mat Sub Traps Triggered 3 | . 2 1 Indirectly . | . . . Trap Hack Attempts . | . . . Triggered . | . . . Disarmed . | . . . Reprogrammed . | . . . Reused . | . . . Traps Extracted . | . . . Installed . | . . . Triggered . | . . . Machines | -11 -10 -10 ---------- Run | Yrd Mat Sub Machines Disabled . | . . . Max in Single Turn . | . . . Machines Repaired . | . . . Machines Dismantled . | . . . Machines Sabotaged . | . . . Overloaded Fab Kills . | . . . Hacking | -11 -10 -10 --------- Run | Yrd Mat Sub Machines Accessed 2 | . 2 . Terminals 1 | . 1 . Fabricators . | . . . Repair Stations . | . . . Recycling Units 1 | . 1 . Scanalyzers . | . . . Garrison Access . | . . . Total Hacks 4 | . 4 . Successful 2 | . 2 . Failed 2 | . 2 . Catastrophic . | . . . Database Lockouts . | . . . Manual . | . . . Terminals 2 | . 2 . Fabricators . | . . . Repair Stations . | . . . Recycling Units 2 | . 2 . Scanalyzers . | . . . Garrison Access . | . . . Terminal Hacks 1 | . 1 . Zone Layout 1 | . 1 . Fabricator Hacks . | . . . Repair Station Hacks . | . . . Recycling Unit Hacks 1 | . 1 . Report Inventory 1 | . 1 . Scanalyzer . | . . . Garrison Access Hacks . | . . . Unauthorized Hacks . | . . . Terminals . | . . . Fabricators . | . . . Repair Stations . | . . . Recycling Units . | . . . Scanalyzers . | . . . Garrison Access . | . . . Data Cores Recovered . | . . . Used . | . . . Hacking Detections 1 | . 1 . Full Trace Events . | . . . Feedback Events . | . . . Feedback Blocked . | . . . Robot Schematics Acquired . | . . . Robots Built . | . . . Authchips . | . . . Time . | . . . Total Robot Build Rating . | . . . Part Schematics Acquired . | . . . Parts Built . | . . . Authchips . | . . . Time . | . . . Total Part Build Rating . | . . . Part Studies Acquired . | . . . Parts Repaired . | . . . Time . | . . . Parts Recycled . | . . . Recycled Matter . | . . . Retrieved Matter . | . . . Retrieved Components . | . . . Parts Scanalyzed . | . . . Part Schematics Acquired . | . . . Parts Damaged . | . . . Bothacking | -11 -10 -10 ------------ Run | Yrd Mat Sub Used RIF Installer . | . . . Robots Hacked . | . . . Non-combat . | . . . Combat . | . . . Robot Hacks Applied . | . . . Relay Couplers Released . | . . . Fabnet Peak Effective % . | . . . Robots Rewired . | . . . Allies Hacked . | . . . Hacks Repelled . | . . . Allies | -11 -10 -10 -------- Run | Yrd Mat Sub Total Allies . | . . . Largest Group . | . . . Highest-Rated Group . | . . . Highest-Rated Ally . | . . . Total Orders . | . . . Ally Attacks . | . . . Total Damage . | . . . Kills . | . . . Allies Corrupted . | . . . Allies Melted . | . . . Intel | -11 -10 -10 ------- Run | Yrd Mat Sub Active Infowar (turns) 1788 | 14 357 1417 Terrain 1788 | 14 357 1417 Seismic 1429 | 10 357 1062 Robot Analysis Total . | . . . Derelict Logs Recovered . | . . . Drone Launches . | . . . Drone Recoveries . | . . . Exploration | -11 -10 -10 ------------- Run | Yrd Mat Sub Turns Passed 1860 | 86 357 1417 Spaces Moved 1164 | 58 126 980 Core 6 | 3 . 3 Treads . | . . . Legs 1158 | 55 126 977 Wheels . | . . . Hover . | . . . Flight . | . . . Fastest Speed 50 | 50 120 120 Average Speed 121 | 116 120 122 Slowest Speed 150 | 120 120 150 Overloaded Moves . | . . . Propulsion Burnouts . | . . . Robots Hopped . | . . . Potential Cave-ins . | . . . Cave-ins Triggered . | . . . Exploration Rate (%) 31 | 4 39 50 Regions Visited 2 Branch Regions 1 Pre-discovered Areas . | . . . Known Exits Taken . | . . . Unknown Exits Taken 2 | 1 1 . Scrap Searched . | . . . Spaces Dug . | . . . Terrain Destroyed . | . . . Melee . | . . . Projectile . | . . . AOE . | . . . Terrain Rammed . | . . . Walls Destroyed . | . . . Machines Disabled . | . . . Actions | -11 -10 -10 --------- Run | Yrd Mat Sub Total 1477 | 69 309 1099 Wait 217 | . 169 48 Move 1162 | 57 125 980 Hop . | . . . Pick Up 7 | 1 3 3 Fast Attach 14 | 8 . 6 Attach 2 | . . 2 Detach . | . . . Swap 11 | . 1 10 Drop 3 | 1 . 2 Fire 61 | 2 11 48 Melee . | . . . Ram . | . . . Kick . | . . . Crush . | . . . Escape Stasis . | . . . Rewire . | . . . Trap . | . . . Miscellaneous . | . . . Route ------- -11/Scrapyard -10/Materials (discovered 3 exits: [*Mat] / [*Min] / [*Sub]) -10/Subcaves (discovered 1 exit: [*Mat]) History --------- Turn | Location | Event 18 | -11/Scrapyard | Discovered new exit (range 16) 87 | -11/Scrapyard | Entered Materials 101 | -10/Materials | Discovered new exit (range 16) 228 | -10/Materials | Discovered new exit (range 13) 308 | -10/Materials | Build established: Mutant 438 | -10/Materials | Discovered new exit (range 4) 444 | -10/Materials | Entered Subcaves 445 | -10/Subcaves | Approached by a straggling Scientist 557 | -10/Subcaves | Shifting Twisted Machinery released Shrapnel Trap 601 | -10/Subcaves | Core integrity fell below 50% 651 | -10/Subcaves | Shifting Twisted Machinery released Flamer 653 | -10/Subcaves | Shifting Twisted Machinery released Battle Rifle 931 | -10/Subcaves | A swath of the cavern ceiling suddenly collapsed 1217 | -10/Subcaves | Discovered new exit (range 7) 1280 | -10/Subcaves | Shifting Twisted Machinery released Flamer 1284 | -10/Subcaves | Shifting Twisted Machinery released Battle Cannon 1431 | -10/Subcaves | Core integrity fell below 20% 1537 | -10/Subcaves | Lost 4 parts (1p1n1u1w) 1854 | -10/Subcaves | Build established: Scavenger-Mutant 1861 | -10/Subcaves | Destroyed by 0H-MHT(R) with Subdweller Machine Gun Last Messages --------------- 01781_ Destroyed Flight Unit. 01784_ Lgt. Assault Rifle fries itself beyond repair. 01784_ Lgt. Treads fries itself beyond repair. 01799_ S-10 Pest destroyed. 01803_ Mak. Leg destroyed. 01803_ S-10 Pest destroyed. 01808_ Acquired 4 matter. 01812_ Acquired Lgt. Assault Rifle. 01816_ Acquired 10 matter. 01817_ Lgt. Ion Engine fries itself beyond repair. 01817_ Acquired 12 matter. 01825_ Acquired 7 matter. 01832_ System corrupted: Matter fused (-10). 01854_ AY-0AW(R) emerges from the Twisted Machinery. 01854_ Battle Cannon destroyed. 01855_ Aluminum Leg destroyed. Map ----- +----------------------------------------------------+ | ?????????????????????????????????????????????????? | | ?????????????????????????????????????????????????? | | ?????????????????????????????????????????????????? | | ?????????????????????????????????????????????????? | | ?????????????????????????????????????????????????? | | ?????????????????????????????????????????????????? | | ?????????????????????????????????????????????????? | | ?????????????????????????????????????????????????? | | ?????????????????????????????????????????????????? | | ?????????????????????????????????????????????????? | | ?????????????????????????????????????????????????? | | ?????????????????????????????????????????????????? | | ?????????????????????????????????????????????????? | | ?????????????????????????????????????????????????? | | ??????#????????######????????????????????????????? | | ??????????????? """#????????????????????????????? | | ?????????????? "#????????????????????????????? | | ????????????## "?????????????????????????????? | | ??????????#? "??????????????????????????????? | | ???????????? ??????????????????????????????#??? | | ????????#### ???????????????????????????????????? | | ?????#??# #?????????#???#???????? ?? ?????????? | | ??????### #??? ???????????????? #???????#??? | | ????????# #?????????##??##### R #????#?????? | | ???????## #######???#### R " ????#?????#?? | | ???????# ## #???# @ #?????? ???????????? | | ???????## #?### ##??????????????????? | | ???????## ## #### ###???????????????#???? | | ????#?## # ### ## " ##?????????????????????? | | ??????# # # """" ###?????????#??"?#??#?#?? | | ?? ???# " ##?????????????????????## | | ?????## "#??????##???#????######" | | ??? ??# % ## """????# #???? ??#" ## | | ?????## ### ###### """???## #??????#" ## & | | ? ?## ##?#?? ?### ???#####""""" | | ## ?# "##??? " ### ???## #"""" | | ?## ""?# " #?#?"""#??# #??# | | ??# "?## " #???"""##?## #???# ^ | | ??# #?# " ##???"""#?## ##### | | ??# ### #### " #?#??"""#??# #### " | | #?# #??## ##### #????? #### ##??##### | | #?## #????# ###" "" ##???? ### #???????# | | #??##?#?###### " #####?## # ^ ### "### | | #?####### ##?# " ### ### ## ## """ | | ### ## #?# " ##" # # #### ## ## ## | | ## #### " "" #??## ## "### ### | | ### " "" ### ##### ## #### " | | # ### # "##?## ## #####?# ##" | | " # "" ## #####= ^ ##?#??????#" | | ## " = ######??## | +----------------------------------------------------+ Best States ------------- Heat Dissipation 25 Energy Generation 15 Energy Capacity 250 Matter Stores 292 Matter Capacity 300 Sight Range 16 Terrain Scan Range 16 Terrain Scan Density 10 Evasion (%) 55 Item Schematics ----------------- None Robot Schematics ------------------ None Fabricated ------------ Nothing Repaired ---------- Nothing Studied --------- None Alien Tech Used ----------------- None Achievements -------------- None Challenges ------------ None Game ------ Seed PiercingShadingConstruct Manual? 0 Play Time 00:14:28 Cumulative 50.6 hours Start 2025.12.13 @ 19:23:26 End 2025.12.13 @ 19:34:52 Sessions 1 Manual Loads 0 Difficulty Rogue Special Mode None Game No. 55 Rogue 55 Adventurer 0 Explorer 0 Win Type - Total 0 Types 0/0/0/0/0/0/0/0/0/0 Lore% 23 Gallery% 41 Achievement% 32 Wizard Run 0 Options --------- Layout 1 ASCII 0 Keyboard 0 Movement Mouse Keybinds 0 Fullscreen 1 Font 24/Smallcaps Map View 50x35 Zoom Use 0% Tactical HUD 1 Map Filters NONE Filters NONE Steam 1 RUN: 7d8b012b-528c-4454-9e90-e2beb7e7338a